[ AOE2 MATCH · #506643276 ]
UnrankedMaya vs Bohemians
Player's team · LOSS
Rival team · WIN
[ REPLAY ANALYSIS · EXTRACTED FROM THE RECORDED GAME ]
Feudal
10:27
Castle
—
Imperial
—
| APM avg | 65.4 |
| APM peak | 99 |
| eAPM avg | 28.9 |
| Villagers / military | 46 / 13 |
Focus
⚔️ 35.2% · 🌾 64.8%
Skirmisher ×9 · Militia ×2 · Spearman ×2
Feudal
8:53
Castle
—
Imperial
—
| APM avg | 54.6 |
| APM peak | 87 |
| eAPM avg | 17.0 |
| Villagers / military | 39 / 15 |
Focus
⚔️ 33.5% · 🌾 66.5%
Archer ×15
Match map
Initial resources + every placement click. Lines = walls · curves = elevation contours. ◆ gold · ⬟ stone · ● berries · ✦ relic · ◌ wall gap
Your base· Open — 8t gap
老爱国炸鱼号's base· Open — unwalled flank
Smoothed initial terrain · ◌ = detected wall gap · hover for details
Inputs per minute
— CNZS_迷你车仁 - - 老爱国炸鱼号
Build order — CNZS_迷你车仁
125 actions detected in the replay
| 0:00 | Research | Loom |
| 0:01 | Queue | Villager (Male) |
| 0:01 | Queue | Villager (Male) |
| 0:02 | Build | House |
| 0:04 | Build | House |
| 0:11 | Queue | Villager (Male) |
| 0:11 | Queue | Villager (Male) |
| 1:24 | Queue | Villager (Male) |
| 1:49 | Build | Lumber Camp |
| 1:52 | Queue | Villager (Male) |
| 2:11 | Queue | Villager (Male) |
| 2:38 | Queue | Villager (Male) |
| 2:38 | Queue | Villager (Male) |
| 3:02 | Queue | Villager (Male) |
| 3:03 | Queue | Villager (Male) |
| 3:37 | Queue | Villager (Male) |
| 3:48 | Build | House |
| 3:53 | Queue | Villager (Male) |
| 3:53 | Queue | Villager (Male) |
| 4:25 | Queue | Villager (Male) |
| 4:25 | Queue | Villager (Male) |
| 4:33 | Build | Barracks |
| 4:37 | Queue | Villager (Male) |
| 5:07 | Build | House |
| 5:13 | Queue | Villager (Male) |
| 5:13 | Queue | Villager (Male) |
| 5:42 | Queue | Militia |
| 5:42 | Queue | Militia |
| 5:56 | Build | Mill |
| 6:20 | Queue | Villager (Male) |
| 6:21 | Queue | Villager (Male) |
| 6:46 | Queue | Villager (Male) |
| 6:46 | Queue | Villager (Male) |
| 6:55 | Build | House |
| 7:28 | Build | House |
| 7:45 | Build | Palisade Wall |
| 7:47 | Build | Palisade Wall |
| 8:17 | Research | Feudal Age |
| 8:48 | Build | Barracks |
| 9:10 | Queue | Villager (Male) |
| 9:15 | Build | House |
| 9:17 | Build | Palisade Wall |
| 9:42 | Build | Palisade Gate |
| 9:44 | Build | House |
| 10:09 | Build | Palisade Wall |
| 10:13 | Build | Mill |
| 10:20 | Queue | Villager (Male) |
| 10:21 | Queue | Villager (Male) |
| 10:27 | Age | Feudal Age |
| 10:29 | Research | Double-Bit Axe |
| 10:30 | Queue | Spearman |
| 10:41 | Queue | Villager (Male) |
| 10:51 | Build | Palisade Wall |
| 11:02 | Queue | Villager (Male) |
| 11:24 | Build | Archery Range |
| 11:33 | Build | Palisade Wall |
| 11:34 | Build | Palisade Wall |
| 11:35 | Build | Palisade Wall |
| 11:36 | Build | Palisade Wall |
| 11:39 | Build | Palisade Wall |
| 11:40 | Build | Palisade Wall |
| 12:00 | Queue | Villager (Male) |
| 12:03 | Build | Farm |
| 12:05 | Build | Farm |
| 12:08 | Queue | Skirmisher |
| 12:08 | Queue | Skirmisher |
| 12:13 | Queue | Villager (Male) |
| 12:14 | Queue | Skirmisher |
| 12:15 | Queue | Villager (Male) |
| 12:23 | Queue | Villager (Male) |
| 12:31 | Queue | Spearman |
| 12:34 | Build | Farm |
| 12:36 | Build | Farm |
| 12:41 | Build | House |
| 12:47 | Queue | Villager (Male) |
| 12:49 | Build | Farm |
| 13:18 | Build | Farm |
| 13:20 | Build | Farm |
| 13:20 | Build | Farm |
| 13:21 | Build | Farm |
| 13:22 | Research | Horse Collar |
| 13:30 | Queue | Villager (Male) |
| 13:42 | Queue | Villager (Male) |
| 13:44 | Build | Farm |
| 13:46 | Build | Palisade Wall |
| 14:00 | Build | Palisade Wall |
| 14:09 | Queue | Villager (Male) |
| 14:17 | Queue | Villager (Male) |
| 14:27 | Build | Mining Camp |
| 14:48 | Build | Palisade Wall |
| 14:51 | Build | Palisade Wall |
| 14:58 | Build | House |
| 14:59 | Build | Palisade Wall |
| 15:03 | Queue | Villager (Male) |
| 15:20 | Queue | Villager (Male) |
| 15:25 | Build | Blacksmith |
| 15:32 | Queue | Skirmisher |
| 15:32 | Queue | Skirmisher |
| 15:44 | Build | Palisade Wall |
| 16:04 | Queue | Skirmisher |
| 16:11 | Queue | Villager (Male) |
| 16:14 | Queue | Skirmisher |
| 16:22 | Research | Gold Mining |
| 16:28 | Build | Lumber Camp |
| 16:39 | Queue | Villager (Male) |
| 17:19 | Queue | Villager (Male) |
| 17:24 | Build | Farm |
| 17:27 | Build | Farm |
| 17:43 | Build | Farm |
| 17:47 | Queue | Skirmisher |
| 17:47 | Queue | Skirmisher |
| 17:54 | Build | Farm |
| 17:55 | Build | Farm |
| 17:57 | Research | Fletching |
| 18:00 | Build | House |
| 18:12 | Queue | Villager (Male) |
| 18:27 | Research | Fletching |
| 18:28 | Research | Padded Archer Armor |
| 18:33 | Build | Archery Range |
| 18:50 | Queue | Villager (Male) |
| 18:52 | Build | Farm |
| 18:57 | Build | Farm |
| 19:20 | Queue | Villager (Male) |
| 19:38 | Build | Market |
| 19:44 | Queue | Villager (Male) |
Build order — 老爱国炸鱼号
102 actions detected in the replay
| 0:03 | Queue | Villager (Male) |
| 0:04 | Build | House |
| 0:05 | Build | House |
| 0:08 | Queue | Villager (Male) |
| 0:09 | Queue | Villager (Male) |
| 0:10 | Queue | Villager (Male) |
| 1:26 | Queue | Villager (Male) |
| 1:49 | Queue | Villager (Male) |
| 2:13 | Build | Mill |
| 2:18 | Queue | Villager (Male) |
| 2:32 | Queue | Villager (Male) |
| 2:58 | Queue | Villager (Male) |
| 3:15 | Queue | Villager (Male) |
| 3:46 | Queue | Villager (Male) |
| 3:48 | Queue | Villager (Male) |
| 3:51 | Build | House |
| 4:05 | Queue | Villager (Male) |
| 4:08 | Queue | Villager (Male) |
| 4:35 | Queue | Villager (Male) |
| 5:22 | Build | Lumber Camp |
| 6:01 | Research | Loom |
| 6:33 | Research | Feudal Age |
| 7:06 | Build | House |
| 7:17 | Queue | Villager (Male) |
| 7:52 | Build | Barracks |
| 8:05 | Queue | Villager (Male) |
| 8:45 | Queue | Villager (Male) |
| 8:53 | Age | Feudal Age |
| 8:54 | Build | Archery Range |
| 9:21 | Queue | Villager (Male) |
| 9:24 | Build | House |
| 9:37 | Queue | Archer |
| 9:41 | Build | Mining Camp |
| 9:43 | Queue | Villager (Male) |
| 9:51 | Research | Double-Bit Axe |
| 10:08 | Build | House |
| 10:09 | Build | Palisade Wall |
| 10:10 | Build | Palisade Wall |
| 10:16 | Queue | Villager (Male) |
| 10:39 | Build | Blacksmith |
| 10:44 | Queue | Archer |
| 10:47 | Queue | Villager (Male) |
| 10:54 | Build | Mill |
| 11:12 | Queue | Archer |
| 11:27 | Queue | Villager (Male) |
| 11:48 | Queue | Archer |
| 11:50 | Build | House |
| 11:59 | Build | Farm |
| 12:00 | Queue | Villager (Male) |
| 12:01 | Build | Farm |
| 12:17 | Build | Palisade Wall |
| 12:20 | Build | Palisade Wall |
| 12:28 | Queue | Villager (Male) |
| 12:30 | Build | House |
| 12:33 | Build | Palisade Wall |
| 12:43 | Queue | Archer |
| 12:46 | Research | Fletching |
| 12:53 | Build | Farm |
| 13:15 | Queue | Villager (Male) |
| 13:15 | Queue | Villager (Male) |
| 13:17 | Queue | Archer |
| 13:27 | Build | Farm |
| 13:28 | Queue | Villager (Male) |
| 13:46 | Queue | Villager (Male) |
| 13:48 | Build | Farm |
| 13:50 | Build | Farm |
| 14:04 | Queue | Archer |
| 14:05 | Queue | Archer |
| 14:10 | Queue | Villager (Male) |
| 14:16 | Queue | Villager (Male) |
| 14:28 | Queue | Villager (Male) |
| 14:30 | Build | Farm |
| 14:31 | Build | Farm |
| 14:44 | Queue | Villager (Male) |
| 15:03 | Queue | Villager (Male) |
| 15:06 | Build | Farm |
| 15:12 | Queue | Archer |
| 15:22 | Build | Farm |
| 15:38 | Queue | Archer |
| 15:42 | Queue | Villager (Male) |
| 15:58 | Queue | Villager (Male) |
| 16:01 | Build | Farm |
| 16:09 | Queue | Villager (Male) |
| 16:11 | Build | Farm |
| 16:12 | Build | Farm |
| 16:19 | Queue | Archer |
| 16:31 | Build | House |
| 16:39 | Research | Town Watch |
| 16:46 | Build | Farm |
| 16:48 | Queue | Villager (Male) |
| 17:27 | Queue | Villager (Male) |
| 17:28 | Queue | Archer |
| 17:59 | Research | Castle Age |
| 18:03 | Build | Archery Range |
| 18:35 | Queue | Archer |
| 18:38 | Research | Horse Collar |
| 18:50 | Build | House |
| 18:52 | Build | House |
| 19:14 | Build | Lumber Camp |
| 19:26 | Queue | Archer |
| 19:26 | Queue | Archer |
| 19:53 | Build | House |
Match timeline
| 4:33 | CNZS_迷你车仁 · first_building Barracks |
| 7:45 | CNZS_迷你车仁 · wall_segment Palisade Wall x4 |
| 7:47 | CNZS_迷你车仁 · wall_segment Palisade Wall x4 |
| 7:52 | 老爱国炸鱼号 · first_building Barracks |
| 8:53 | 老爱国炸鱼号 · age_up feudal |
| 8:54 | 老爱国炸鱼号 · first_building Archery Range |
| 9:17 | CNZS_迷你车仁 · wall_segment Palisade Wall x3 |
| 10:09 | CNZS_迷你车仁 · wall_segment Palisade Wall x8 |
| 10:09 | 老爱国炸鱼号 · wall_segment Palisade Wall x1 |
| 10:10 | 老爱国炸鱼号 · wall_segment Palisade Wall x1 |
| 10:27 | CNZS_迷你车仁 · age_up feudal |
| 10:51 | CNZS_迷你车仁 · wall_segment Palisade Wall x1 |
| 11:24 | CNZS_迷你车仁 · first_building Archery Range |
| 11:33 | CNZS_迷你车仁 · wall_segment Palisade Wall x1 |
| 11:34 | CNZS_迷你车仁 · wall_segment Palisade Wall x1 |
| 11:35 | CNZS_迷你车仁 · wall_segment Palisade Wall x1 |
| 11:36 | CNZS_迷你车仁 · wall_segment Palisade Wall x1 |
| 11:39 | CNZS_迷你车仁 · wall_segment Palisade Wall x1 |
| 11:40 | CNZS_迷你车仁 · wall_segment Palisade Wall x1 |
| 12:17 | 老爱国炸鱼号 · wall_segment Palisade Wall x7 |
| 12:20 | 老爱国炸鱼号 · wall_segment Palisade Wall x5 |
| 12:33 | 老爱国炸鱼号 · wall_segment Palisade Wall x12 |
| 13:46 | CNZS_迷你车仁 · wall_segment Palisade Wall x8 |
| 14:00 | CNZS_迷你车仁 · wall_segment Palisade Wall x6 |
| 14:48 | CNZS_迷你车仁 · wall_segment Palisade Wall x1 |
| 14:51 | CNZS_迷你车仁 · wall_segment Palisade Wall x1 |
| 14:59 | CNZS_迷你车仁 · wall_segment Palisade Wall x1 |
| 15:44 | CNZS_迷你车仁 · wall_segment Palisade Wall x1 |
| 19:53 | CNZS_迷你车仁 · resign |
[ AI ANALYSIS · 1 CREDIT ]
What really happened in this match?
Wolo.gg analyzes every decision: build order, eco, micro, common mistakes by bracket. Personalized analysis on WhatsApp or Discord in 30 seconds.
Civ guide
Maya
Perfil
Jugador #5036165